 Dungeon Crawl Stone Soup version 0.30-a0-1160-g6e42c06551 (webtiles) character file.

Game seed: 444191657263363789

392 kae the Changer (level 6, -5/46 HPs)
             Began as a Demigod Transmuter on Apr 25, 2023.
             Succumbed to an adder's poison
             ... in a sewer.
             The game lasted 00:04:23 (3929 turns).

kae the Changer (Demigod Transmuter)                Turns: 3929, Time: 00:04:23

Health: -5/46      AC:  2    Str: 11    XL:     6   Next: 25%
Magic:  1/14       EV: 19    Int: 23    God:
Gold:   270        SH:  0    Dex: 19    Spells: 2/12 levels left

rFire   . .          .
                       - Unarmed
rCold   . . .        (shield currently unavailable)
rNeg    . . .        a - melded +0 robe
rPois   x            (helmet currently unavailable)
rElec   .            (cloak currently unavailable)
rCorr   .            q - melded +2 pair of gloves
SInv    .            (boots currently unavailable)
Will    .....        G - amulet of guardian spirit
Stlth   ++           (no ring)
HPRegen 0.27/turn    (no ring)
MPRegen 0.14/turn

%: guardian spirit
@: brilliant, lethally poisoned (-5 -> -30), spider-form (expiring), attractive,
flying
A: venomous fangs, tiny, high MP 1, forlorn, divine attributes
a: End Transformation


You were in a sewer.
You were a venomous arachnid creature.
You visited 1 branch of the dungeon, and saw 4 of its levels.
You also visited: Sewer.

You collected 270 gold pieces.


Innate Abilities, Weirdness & Mutations

You are a venomous arachnid creature.
You have venomous fangs.
You are tiny and dextrous.
Your spellcasting is less reliable in this form.
Your armour is entirely melded.
You are incapable of wielding weapons or throwing items.
You have an increased reservoir of magic. (+10% MP)
You shall have no god before yourself.
Your divine heritage dramatically boosts your attributes as you level up.


   Skills:
 - Level 0.8 Fighting
 - Level 1.7 Dodging
 - Level 2.6 Unarmed Combat
 + Level 3.8 Spellcasting
 + Level 4.1 Transmutations
 * Level 0.9 Ice Magic
 - Level 2.5 Poison Magic


You had 2 spell levels left.
You knew the following spells:

 Your Spells              Type           Power      Damage    Failure   Level
a - Beastly Appendage     Tmut           70%        N/A       8%          1
b - Wereblood             Tmut           35%        N/A       11%         2
c - Spider Form           Tmut/Pois      29%        N/A       22%         3
d - Ice Form              Ice/Tmut       23%        N/A       58%         4

Your spell library contained the following spells:

 Spells                   Type           Power      Damage    Failure   Level
 Passwall                 Tmut/Erth      16%        N/A       19%         2
 Sandblast                Erth           12%        2d6       26%         1
 Stone Arrow              Conj/Erth      12%        3d7       54%         3
 Tukima's Dance           Hex            6%         N/A       54%         3
 Passage of Golubria      Tloc           6%         N/A       87%         4
 Yara's Violent Unravell  Hex/Tmut       10%        3d6       90%         5

Inventory:

Missiles
 h - 30 stones
 j - 6 boomerangs
 o - 4 javelins
Armour
 a - a +0 robe (melded)
 q - a +2 pair of gloves (melded)
   (You found it on level 3 of the Dungeon)
Jewellery
 G - an amulet of guardian spirit (around neck)
   (You found it on level 3 of the Dungeon)
Wands
 c - a wand of flame (4)
   (You found it on level 2 of the Dungeon)
 p - a wand of polymorph (8)
   (You found it on level 3 of the Dungeon)
Scrolls
 k - a scroll of amnesia
 m - 2 scrolls of teleportation {@r4}
 t - a scroll of fear {unknown}
 u - 2 scrolls of fog {unknown}
 v - a scroll of torment {unknown}
Potions
 b - a potion of lignification {!q}
 f - 2 potions of degeneration {!q}
 g - a potion of might {unknown}
 i - a potion of heal wounds {unknown}
 n - a potion of invisibility {unknown}
 r - a potion of mutation {!q}

Dungeon Overview and Level Annotations

Branches:
Dungeon (4/15) Zot: 20612   Sewer (1/1) Zot: 5391
 Temple: D:4-7

Annotations:
D:3 1 runed translucent door

#########################
≈≈≈≈≈≈≈≈≈≈≈≈≈≈≈≈≈≈≈≈≈≈≈≈≈
≈≈≈≈≈≈≈≈≈≈≈≈≈≈≈≈≈≈≈≈≈≈≈≈≈
~~~~~.~.~.~†~~≈≈≈S~~.≈≈≈≈
#############~≈~sS.~.~#
#~≈~##~~~~.~#
#############.≈.# ##....~
~~~~~.~~~.~~~~≈~# #...
≈≈≈≈≈≈≈≈≈≈≈≈≈.≈†# ..
.~.~~.~.~~~~~~≈~# .
#############~≈~# #~≈.#
#~≈.#


You could see 2 adders.


Message History

MASSIVE DAMAGE!! (PAUSE)
You lost 3 mp, and now have 4/14 mp.
You hit the river rat.
The river rat is poisoned.
You feel very sick. The adder bites you.
* * * LOW HITPOINT WARNING * * *
The river rat completely misses you. The adder bites you.
* * * LOW HITPOINT WARNING * * *
You are more poisoned.
The adder poisons you!
The adder closely misses you. 😨 HP[-5] MP[-1]
You take 5 damage, and now have 18/46 hp.
You lost 1 mp, and now have 3/14 mp.
You hit the river rat.
The river rat looks as sick as possible!
* * * LOW HITPOINT WARNING * * *
You feel very sick.
You kill the river rat!
The adder closely misses you. x2; The adder misses you. 😨 HP[-4]
You take 4 damage, and now have 14/46 hp.
It was a potion of brilliance.
You feel clever all of a sudden.
* * * LOW HITPOINT WARNING * * *
You feel very sick. The adder closely misses you. The adder misses you.
The adder barely misses you. 😱 HP[-3]
You take 3 damage, and now have 11/46 hp.
It was a potion of attraction.
You feel attractive to monsters.
* * * LOW HITPOINT WARNING * * *
You feel sick. The adder completely misses you. The adder misses you.
The adder bites you but does no damage. x2 😱 HP[-2]
You take 2 damage, and now have 9/46 hp.
It was a potion of flight.
You feel very buoyant.
You fly up into the air.
* * * LOW HITPOINT WARNING * * *
You feel sick. The adder barely misses you. The adder bites you.
* * * LOW HITPOINT WARNING * * *
The adder closely misses you. The adder misses you.
The adder barely misses you. 😱 HP[-2] MP[-1]
You take 2 damage, and now have 7/46 hp.
You lost 1 mp, and now have 2/14 mp.
It was a potion of curing.
You feel better. The adder barely misses you. The adder completely misses you.
The adder barely misses you.
Your magical contamination has completely faded away. 😨 HP[+5]
You regained 5 hp, and now have 12/46 hp.
Okay, then.
You hit the adder.
You kill the adder!
The adder completely misses you. x2 😨 MP[+1] Unknown command.
You closely miss the adder. The adder misses you. The adder bites you.
* * * LOW HITPOINT WARNING * * *
The adder bites you.
* * * LOW HITPOINT WARNING * * *
You are poisoned.
The adder poisons you! 😱 HP[-3] MP[-1]
You take 3 damage, and now have 9/46 hp.
You lost 1 mp, and now have 2/14 mp.
You hit the adder.
You feel sick. The adder misses you. The adder completely misses you.
The adder barely misses you. 😱 HP[-1]
You take 1 damage, and now have 8/46 hp.
Unknown command.
You hit the adder.
You feel sick. The adder misses you.
The adder completely misses you. 😱 HP[-1]
You take 1 damage, and now have 7/46 hp.
You barely miss the adder.
You feel sick.
The adder closely misses you. x2 😱 HP[-1]
You take 1 damage, and now have 6/46 hp.
Unknown command.
You closely miss the adder.
Your transformation is almost over.
You feel sick. The adder barely misses you. The adder bites you.
* * * LOW HITPOINT WARNING * * *
You are lethally poisoned!
The adder poisons you! The adder completely misses you.
The adder bites you but does no damage. 😱 HP[-2]
You take 2 damage, and now have 4/46 hp.
You hit the adder.
The adder is poisoned.
* * * LOW HITPOINT WARNING * * *
You feel very sick. The adder bites you.
You are more poisoned.
The adder poisons you!
The adder closely misses you. 😱 HP[-3] MP[-2]
You take 3 damage, and now have 1/46 hp.
You lost 2 mp, and now have 0/14 mp.
You hit the adder but do no damage.
The adder is poisoned.
You die...

Skill      XL: |  1  2  3  4  5  6 |
---------------+-------------------+-----
Transmutations | 2 3 4 |  4.1
Spellcasting   | 2 3 |  3.8
Poison Magic   | 1 2 |  2.5
Fighting       | |  0.8
Dodging        | |  1.7
Unarmed Combat | |  2.6
Ice Magic      | |  0.9

Action                     |  1- 3 |  4- 6 || total
---------------------------+-------+-------++-------
  Melee: Unarmed           |   146 |   176 ||   322
         Headbutt          |    25 |     1 ||    26
         Kick              |    27 |     4 ||    31
         Punch             |     3 |     1 ||     4
   Cast: Beastly Appendage |    29 |     5 ||    34
         Spider Form       |       |    19 ||    19
         Wereblood         |       |     5 ||     5
         Ice Form          |       |     1 ||     1
  Evoke: Wand              |       |     6 ||     6
    Use: Scroll            |     5 |     4 ||     9
         Potion            |       |     4 ||     4
   Stab: Sleeping          |     1 |       ||     1
 Armour: Robe              |    31 |    17 ||    48
         Skin              |       |    20 ||    20
  Dodge: Dodged            |    95 |   240 ||   335

Levels and vault maps discovered:
D:1:      lordsloth_arrival_two_stooges, layout_basic,
          hellmonk_ecumenical_altar_dog_temple
D:2:      layout_loops_corners
D:3:      layout_loops_corners, dk_yredelemnul_ordeal,
          minmay_goblin_kobold_house
D:4:      layout_basic, chequers_temple_overflow_minitemple, serial_rivers,
          chequers_serial_rivers_marsh, chequers_serial_rivers_micro_c,
          chequers_serial_rivers_micro_c, chequers_serial_rivers_room_a,
          cheibrodos_sewer_entry_sluice
Sewer:    sewer_fruit_machine

Notes
Turn   | Place    | Note
-------+----------+-------------------------------------------
     0 | D:1      | kae the Demigod Transmuter began the quest for the Orb.
     0 | D:1      | Reached XP level 1. HP: 15/15 MP: 5/5
     0 | D:1      | magus.rc [v1.11.3]
    89 | D:1      | Reached skill level 2 in Transmutations
   138 | D:1      | Reached skill level 2 in Spellcasting
   181 | D:1      | Reached XP level 2. HP: 19/22 MP: 5/7
   469 | D:1      | Reached skill level 1 in Poison Magic
   784 | D:2      | Learned a level 2 spell: Wereblood
   851 | D:2      | Reached XP level 3. HP: 22/27 MP: 7/9
   855 | D:2      | Learned a level 3 spell: Spider Form
  1067 | D:2      | You add the spells Tukima's Dance, Passage of Golubria and
                  | Yara's Violent Unravelling to your library.
  1758 | D:2      | You pick up a book of Geomancy and begin reading...
  1758 | D:2      | You add the spells Sandblast, Passwall and Stone Arrow to
                  | your library.
  2122 | D:3      | Reached XP level 4. HP: 34/34 MP: 10/10
  2522 | D:3      | Reached skill level 3 in Transmutations
  2522 | D:3      | Reached skill level 2 in Poison Magic
  2913 | D:3      | Found a runed translucent door.
  2913 | D:3      | Noticed a human
  3172 | D:4      | Noticed an ogre
  3203 | D:4      | Reached skill level 3 in Spellcasting
  3203 | D:4      | Reached XP level 5. HP: 34/39 MP: 7/12
  3207 | D:4      | Killed an ogre
  3234 | D:4      | Noticed a sky beast
  3296 | D:4      | Found a glowing drain.
  3319 | D:4      | Reached XP level 6. HP: 44/46 MP: 9/14
  3334 | D:4      | Reached skill level 4 in Transmutations
  3399 | Sewer    | Entered a sewer
  3419 | Sewer    | Learned a level 4 spell: Ice Form
  3918 | Sewer    | HP: 11/46 [poisoned by an adder]
  3923 | Sewer    | HP: 11/46 [adder (1)]
  3927 | Sewer    | HP: 4/46 [adder (2)]
  3928 | Sewer    | HP: 1/46 [poisoned by an adder]
  3929 | Sewer    | Succumbed to an adder's poison

Vanquished Creatures
  An ogre (D:4)
  A scorpion (D:4)
  An orc wizard (D:3)
  2 gnolls (D:4)
  9 adders
  A river rat (Sewer)
  An ufetubus (D:4)
  7 worms
  4 orcs (D:3)
  10 bats
  5 endoplasms
  3 giant cockroaches
  4 goblins
  6 hobgoblins
  6 jackals
  7 kobolds
  5 quokkas
  13 ball pythons
  6 frilled lizards
  5 rats
97 creatures vanquished.

Table legend:
 A = Non-vault XP
 B = Vault XP
 C = Vault XP percentage of total XP
 D = Non-vault monster count
 E = Vault monster count
 F = Vault count percentage of total count
                 A         B        C        D         E       F
            +---------+---------+-------+---------+---------+-------
      Total |     449 |     111 |  19.8 |      65 |      32 |  33.0
            +---------+---------+-------+---------+---------+-------
        D:1 |      30 |       6 |  16.7 |      17 |       3 |  15.0
        D:2 |      63 |       0 |   0.0 |      18 |       0 |   0.0
        D:3 |      84 |       6 |   6.7 |      22 |       3 |  12.0
        D:4 |     272 |       8 |   2.9 |       8 |       3 |  27.3
      Sewer |       0 |      91 | 100.0 |       0 |      23 | 100.0
            +---------+---------+-------+---------+---------+-------

Skill      XL: |  1  2  3  4  5  6 |
---------------+-------------------+-----
Transmutations | 2 3 4 |  4.1
Spellcasting   | 2 3 |  3.8
Poison Magic   | 1 2 |  2.5
Fighting       | |  0.8
Dodging        | |  1.7
Unarmed Combat | |  2.6
Ice Magic      | |  0.9

Action                     |  1- 3 |  4- 6 || total
---------------------------+-------+-------++-------
  Melee: Unarmed           |   146 |   176 ||   322
         Headbutt          |    25 |     1 ||    26
         Kick              |    27 |     4 ||    31
         Punch             |     3 |     1 ||     4
   Cast: Beastly Appendage |    29 |     5 ||    34
         Spider Form       |       |    19 ||    19
         Wereblood         |       |     5 ||     5
         Ice Form          |       |     1 ||     1
  Evoke: Wand              |       |     6 ||     6
    Use: Scroll            |     5 |     4 ||     9
         Potion            |       |     4 ||     4
   Stab: Sleeping          |     1 |       ||     1
 Armour: Robe              |    31 |    17 ||    48
         Skin              |       |    20 ||    20
  Dodge: Dodged            |    95 |   240 ||   335

Illustrated notes

Table legend:
 A = Kills in this place as a percentage of kills in the entire game.
 B = Kills by you in this place as a percentage of kills by you in the entire game.
 C = Kills by friends in this place as a percentage of kills by friends in the entire game.
 D = Other kills in this place as a percentage of other kills in the entire game.
 E = Experience gained in this place as a percentage of experience gained in the entire game.
 F = Experience gained in this place divided by the number of levels of this place that you have seen.
                   A       B       C       D       E      F
               +-------+-------+-------+-------+-------+----------------------
         Total | 100.0 | 100.0 |   N/A |   N/A | 100.0 | 112.0
       Dungeon |  76.3 |  76.3 |   N/A |   N/A |  83.8 | 117.2
         Sewer |  23.7 |  23.7 |   N/A |   N/A |  16.2 |  91.0
               +-------+-------+-------+-------+-------+----------------------

Table legend: (Time is in decaauts)
 A = Elapsed time spent in this place.
 B = Non-inter-level travel time spent in this place.
 C = Inter-level travel time spent in this place.
 D = Time resting spent in this place.
 E = Time spent auto-exploring this place.
 F = Levels seen in this place.
 G = Mean time per level.
                   A        B        C        D        E       F      G
               +--------+--------+--------+--------+--------+-----+--------+
         Total |   3996 |   3826 |    170 |    155 |   2757 |   5 |  799.2 |
       Dungeon |   3387 |   3217 |    170 |    155 |   2409 |   4 |  846.8 |
         Sewer |    608 |    608 |      0 |      0 |    348 |   1 |  608.0 |
               +--------+--------+--------+--------+--------+-----+--------+

Top non-repeatable levels by time:
     D:3: 1350 daAuts
     D:2: 1076 daAuts
     D:1: 776 daAuts
   Sewer: 608 daAuts
     D:4: 183 daAuts
